AoeStats
← jhonskull87

Arena

509168265Analyzed
3v3 RM · 7d ago on Sep 25, 2026· 74m 47s· 6 players
Game mode
Random Map
Map size
Normal (6 player)
Population
200
Speed
Normal
Resources
Standard
Victory
Conquest
Starting age
Dark Age
Ending age
Imperial Age
RankedLock teamsTeams togetherTeam positionsShared explorationLock speedFull tech treeHidden civsTurbo modeCheats
Victory
Defeat
🇺🇸 Tatars · United States
699
+16
🇲🇽 Persians · Mexico
673
+17
🇨🇴 Franks · Colombia
642
+19
🇨🇦 Khmer · Canada
737
-19
🇺🇸 Portuguese · United States
720
-18
🇳🇿 Saxons · New Zealand
652
-15
jhonskull87
13:47 Feudal Age
12:03 Loom
14:35 Stone Mining
16:33 Horse Collar
16:42 Double-Bit Axe
17:47 Wheelbarrow
19:30 Forging
20:08 Gold Mining
20:53 Scale Mail Armor
23:22 Castle Age
25:20 Hand Cart
25:39 Pikeman
27:40 Heavy Plow
27:54 Bow Saw
28:36 Iron Casting
30:05 Thumb Ring
29:21 Crossbowman
31:15 Gold Shaft Mining
32:23 Husbandry
32:40 Bloodlines
32:41 Scale Barding Armor
32:40 Padded Archer Armor
33:49 Stone Shaft Mining
38:46 Leather Archer Armor
38:22 Fletching
39:32 Kamandaran
45:30 Imperial Age
42:59 Bodkin Arrow
43:25 Chain Barding Armor
43:21 Chain Mail Armor
43:05 Murder Holes
43:31 Ballistics
43:02 Heated Shot
43:23 Masonry
45:09 Elite Skirmisher
47:12 Parthian Tactics
48:07 Chemistry
47:38 Architecture
47:43 Ring Archer Armor
47:27 Heavy Camel Rider
48:34 Halberdier
49:17 Squires
51:53 Gambesons
56:26 Heavy Cavalry Archer
69:01 Elite War Elephant
72:13 Two-Man Saw
75:13 Blast Furnace
74:44 Plate Mail Armor
74:50 Plate Barding Armor
Rat Meat Pizza
12:30 Feudal Age
12:56 Horse Collar
13:54 Wheelbarrow
18:03 Castle Age
18:00 Double-Bit Axe
19:40 Bow Saw
19:41 Heavy Plow
21:36 Hand Cart
21:50 Loom
22:50 Scale Mail Armor
23:39 Gold Mining
24:11 Scale Barding Armor
26:28 Husbandry
26:39 Bloodlines
26:32 Padded Archer Armor
26:23 Fletching
27:42 Squires
29:40 Bodkin Arrow
30:00 Leather Archer Armor
33:00 Chain Barding Armor
32:52 Forging
35:21 Imperial Age
33:37 Pikeman
35:34 Iron Casting
35:03 Caravan
35:55 Halberdier
36:21 Arson
36:03 Cavalier
37:03 Elite Steppe Lancer
37:24 Heavy Cavalry Archer
38:59 Gold Shaft Mining
38:16 Stone Mining
40:26 Ring Archer Armor
39:57 Bracer
40:57 Blast Furnace
40:32 Plate Barding Armor
40:10 Heavy Camel Rider
41:01 Town Watch
42:20 Ballistics
43:01 Chemistry
42:50 Crop Rotation
42:56 Town Patrol
48:26 Capped Ram
54:28 Siege Ram
estebassguitar
12:42 Feudal Age
13:16 Double-Bit Axe
15:35 Wheelbarrow
15:23 Gold Mining
15:23 Stone Mining
22:17 Castle Age
23:27 Bow Saw
26:00 Hand Cart
26:41 Caravan
27:47 Gold Shaft Mining
27:48 Caravan
31:31 Pikeman
32:11 Squires
33:02 Town Watch
33:03 Loom
33:32 Scale Barding Armor
33:27 Scale Mail Armor
33:37 Forging
33:18 Fletching
33:28 Padded Archer Armor
38:31 Imperial Age
36:01 Town Patrol
36:35 Chain Barding Armor
36:30 Chain Mail Armor
36:50 Iron Casting
38:29 Husbandry
37:49 Light Cavalry
38:12 Man-at-Arms
38:38 Gambesons
38:39 Arson
38:56 Treadmill Crane
40:16 Chemistry
39:27 Fortified Wall
39:39 Ballistics
39:05 Arrowslits
39:16 Murder Holes
39:31 Masonry
39:21 Capped Ram
39:34 Halberdier
40:41 Chivalry
41:20 Coinage
42:21 Plate Barding Armor
42:16 Plate Mail Armor
42:21 Iron Casting
42:35 Banking
41:55 Long Swordsman
42:58 Two-Handed Swordsman
43:01 Heavy Scorpion
44:44 Conscription
44:48 Champion
46:46 Cavalier
48:23 Iron Casting
47:31 Onager
49:59 Hoardings
55:21 Blast Furnace
55:41 Paladin
56:37 Elite Throwing Axeman
56:37 Ordonnance Companies
58:22 Bodkin Arrow
58:27 Padded Archer Armor
slipoker
0:57 Loom
13:54 Feudal Age
14:53 Double-Bit Axe
14:50 Horse Collar
19:54 Castle Age
22:29 Fervor
26:26 Imperial Age
23:39 Treadmill Crane
24:37 Stone Mining
25:18 Gold Mining
29:48 Stone Shaft Mining
30:39 Fortified Wall
32:04 Wheelbarrow
33:42 Chemistry
33:28 Hand Cart
32:59 Town Watch
33:39 Hand Cart
33:09 Town Watch
33:39 Bow Saw
35:10 Two-Man Saw
34:32 Guilds
34:53 Coinage
34:18 Fletching
35:48 Town Patrol
36:32 Banking
36:53 Bombard Tower
36:58 Bodkin Arrow
37:41 Crossbowman
37:42 Elite Skirmisher
38:28 Thumb Ring
38:30 Bracer
39:05 Arquebus
39:22 Murder Holes
40:59 Siege Engineers
41:34 Forging
41:25 Scale Mail Armor
41:31 Scale Barding Armor
41:26 Padded Archer Armor
42:55 Chain Mail Armor
43:15 Iron Casting
42:03 Pikeman
42:03 Man-at-Arms
42:29 Gambesons
42:30 Arson
43:39 Ballistics
43:30 Masonry
43:11 Heated Shot
43:12 Guard Tower
43:26 Circumnavigation
43:51 Conscription
44:16 Arbalester
45:30 Leather Archer Armor
45:10 Halberdier
54:30 Long Swordsman
56:56 Blast Furnace
57:26 Plate Mail Armor
61:49 Ring Archer Armor
61:40 Chain Barding Armor
68:26 Two-Handed Swordsman
68:30 Elite Organ Gun
68:41 Sappers
68:35 Light Cavalry
69:26 Bloodlines
69:16 Husbandry
68:41 Cavalier
72:29 Architecture
The_Lumberjack
14:39 Feudal Age
17:37 Castle Age
17:06 Double-Bit Axe
17:32 Horse Collar
17:56 Stone Mining
18:25 Heavy Plow
19:00 Bow Saw
20:50 Stone Shaft Mining
25:04 Gold Mining
28:15 Gold Shaft Mining
28:14 Pikeman
32:01 Imperial Age
33:19 Crop Rotation
33:32 Caravan
32:58 Halberdier
35:37 Conscription
35:18 Double Crossbow
37:43 Chemistry
37:03 Ballistics
36:55 Fortified Wall
36:51 Siege Engineers
38:11 Scale Mail Armor
38:21 Forging
38:03 Fletching
38:19 Scale Barding Armor
38:26 Town Watch
39:18 Wheelbarrow
38:31 Loom
38:43 Arson
39:56 Husbandry
40:06 Bloodlines
41:26 Chain Mail Armor
41:07 Bodkin Arrow
41:48 Iron Casting
41:34 Chain Barding Armor
40:46 Heavy Scorpion
42:16 Light Cavalry
45:46 Elite Battle Elephant
47:08 Hussar
52:22 Padded Archer Armor
53:57 Leather Archer Armor
53:42 Bracer
54:19 Plate Barding Armor
54:01 Elite Skirmisher
59:20 Tusk Swords
60:28 Blast Furnace
62:59 Hand Cart
70:07 Capped Ram
73:37 Ring Archer Armor
Zace
0:44 Loom
12:15 Feudal Age
13:40 Wheelbarrow
12:48 Horse Collar
12:56 Double-Bit Axe
18:49 Gold Mining
18:49 Stone Mining
23:08 Castle Age
23:36 Forging
23:27 Padded Archer Armor
23:18 Fletching
23:29 Scale Mail Armor
23:34 Scale Barding Armor
24:52 Hand Cart
24:55 Arson
25:11 Squires
24:33 Pikeman
29:44 Bow Saw
29:37 Heavy Plow
30:50 Gold Shaft Mining
31:03 Bodkin Arrow
31:44 Iron Casting
31:37 Thumb Ring
31:46 Fortified Wall
31:35 Murder Holes
34:38 Chain Mail Armor
34:38 Leather Archer Armor
34:44 Chain Barding Armor
34:50 Ballistics
34:44 Masonry
35:43 Guard Tower
35:35 Treadmill Crane
40:01 Imperial Age
37:21 Town Watch
37:42 Caravan
38:54 Husbandry
39:05 Bloodlines
40:14 Elite Hearth Troop
41:33 Hoardings
40:24 Cranequins
43:06 Two-Man Saw
42:05 Shield Wall
43:08 Conscription
43:36 Plate Mail Armor
42:46 Capped Ram
43:17 Arrowslits
45:10 Chemistry
46:13 Keep
46:09 Elite Varangian Guard
47:12 Heavy Mounted Crossbowman
48:28 Bracer
50:35 Siege Engineers
51:24 Siege Ram
52:52 Ring Archer Armor
54:15 Architecture
54:44 Halberdier
Connection lost

Rejoining the realm…

Still unreachable

The connection could not be restored.

Session expired

The server has moved on; the page needs a fresh start.